kangyu, lawful female dwarven Valkyrie --------------------------------- |...............................| -------- |.---- ...----- ----+--..----- | |<.....| |.| -.| ..|@m(| |......| |.| |.| ..|(((| |.......########|.-+-- |.| -.|.@.| ---.---- #|....| |.| |.-|--- | ### #|.{..-+--.----- |........| # #|..........-..| - -----..----- | ### #|....-+--..| | |........-.!%| # #|.-+-- |.----- - ---....|.%%| | --.-- #|.| |.|.!%|--- ----.-----.| |...| #-.| ----.-.?!|..| +.......| |...-######|.| |....|.[*|..| |.......| |...| #|.----....-----|---------.....{.| ----- #|...............................| #--------------------------------- kangyu the Skirmisher Experience level: 3 Strength: 18/01 Dexterity: 14 Constitution: 16 Intelligence: 9 Wisdom: 10 Charisma: 8 Health: 0(35) Energy: 4(4) Def: 8 Gold: 688 Moves: 1912 Dungeon seed: cIIRY-7DBfoAuQkO Game ID: kangyu_1559373163 Your Inventory: Coins $ - 688 gold pieces Amulets B - a cursed amulet of restful sleep Weapons a - a +1 long sword (weapon in hand) C - 4 cursed +0 daggers D - 5 cursed +3 daggers E - a cursed +1 long sword Armor e - an uncursed +3 small shield (being worn) q - a cursed -4 pair of fumble boots named c F - an uncursed +1 ring mail (being worn) N - an uncursed +0 helmet Y - a cursed +0 pair of leather gloves Comestibles c - 2 uncursed food rations g - an uncursed tin of kobold meat G - 8 uncursed carrots Scrolls t - an uncursed scroll of enchant armor w - 3 cursed scrolls of blank paper x - a cursed scroll of punishment Potions d - a blessed potion of extra healing f - 2 potions of unholy water k - an uncursed potion of invisibility o - an uncursed potion of object detection p - an uncursed potion of see invisible v - an uncursed potion of full healing z - a cursed potion of extra healing Wands j - a wand of secret door detection (0:11) A - a cursed wand of probing (0:6) Tools u - an uncursed stethoscope I - 8 cursed tallow candles (0:200) J - a magic marker (0:38) Gems n - 2 uncursed worthless pieces of yellow glass r - an uncursed worthless piece of green glass y - 2 uncursed worthless pieces of yellowish brown glass Spells and supernatural/magical abilities: Name Level Category Fail Memory r - remove curse 3 clerical 100% 97% u - confuse monster 2 enchantment 100% 97% w - wizard lock 2 matter 100% 97% W - pray for help -- divine ? -- Your skills at the end: Fighting Skills Weapon Skills dagger [Basic] long sword [Basic] Spellcasting Skills Final Attributes: You were piously aligned. You were cold resistant. You had infravision. You were stealthy. You were held by a giant mimic. You are dead. Vanquished creatures: a little dog a dwarf an acid blob 2 coyotes 2 hobbits a brown mold 5 gnomes a gnome zombie a gecko 5 jackals 2 kobolds 2 grid bugs 3 lichens a kobold zombie 2 newts 30 creatures vanquished. Voluntary challenges: You followed a strict vegan diet. You used a wielded weapon 21 times, starting on turn 55. You read items or engraved 18 times, starting on turn 1182. You never genocided any monsters. You never polymorphed an object. You never changed form. You used no wishes. You never split a pudding. You never wrote Elbereth's name. You never violated your personal moral code. Dungeon overview: The Dungeons of Doom: levels 1 to 3 Level 1 some fountains a long staircase Level 2 some fountains, a sink stairs to The Gnomish Mines Level 3 The Gnomish Mines: levels 3 to 6 Level 3 stairs to The Dungeons of Doom Level 4 Level 5 Level 6 <- You were here some shops, some fountains History has recorded: On T:1 you entered the Dungeons of Doom to retrieve the Amulet of Yendor! On T:263 you reached level 2 of The Dungeons of Doom. On T:689 you reached level 3 of The Dungeons of Doom. On T:762 you reached level 1 of The Gnomish Mines. On T:1034 you reached level 2 of The Gnomish Mines. On T:1519 you advanced to experience level 2. On T:1671 you reached level 3 of The Gnomish Mines. On T:1681 you advanced to experience level 3. On T:1720 you reached level 4 of The Gnomish Mines. Score breakdown: Gold: 688 ( 9654 points) Experience: 3 levels ( 7878 points) Exploration: 6 levels ( 12.24%) ( 9682 points) Discoveries: 7 items ( 2.85%) ( 5060 points) Valuables value: (no points given unless you survive) Artifact value: 0 ( 0 points) Variety of kills: 15 monsters ( 3.94%) ( 5952 points) Turncount: 1912 turns ( 0 points) Survival: died (score multiplied by 80%) Total score: 30580 Latest messages: You hear the splashing of a naiad. The air crackles around the gnomish wizard. This door is locked. That door is closed. (4x) The door opens. Izchak drinks a murky potion! Izchak seems more experienced. "Velkommen, kangyu! Welcome to Izchak's lighting store!" Izchak says: 'These shopping malls give me a headache.' You see here a magic lamp (66 zorkmids). You see here a wax candle (26 zorkmids). You see here an oil lamp (13 zorkmids). Wait! That's a giant mimic! You miss the giant mimic. The giant mimic hits! (2x) You miss the giant mimic. You hit the giant mimic! You miss the giant mimic. You hit the giant mimic! The giant mimic hits! (2x) You die... Izchak gratefully inherits all your possessions. Final status: Farvel kangyu the Valkyrie, killed by a giant mimic... You died in The Gnomish Mines on dungeon level 6 with 30580 points, and 688 pieces of gold, after 1912 moves. You were level 3 with a maximum of 35 hit points when you died.